 Dungeon Crawl Stone Soup version 0.22-a0 (webtiles) character file.

8236 KarmaPolice the Covert (level 11, 0/72 HPs)
             Began as an Octopode Assassin on Jan 1, 2018.
             Was a Believer of Dithmenos.
             Slain by a wraith (14 damage)
             ... on level 10 of the Dungeon.
             The game lasted 00:38:19 (17174 turns).

KarmaPolice the Covert (Octopode Assassin)         Turns: 17174, Time: 00:38:20

Health: 0/72       AC:  1    Str: 11    XL:     11   Next: 27%
Magic:  17/17      EV: 17    Int: 18    God:    Dithmenos [**....]
Gold:   390        SH:  0    Dex: 15    Spells: 16/16 levels left

rFire    . . .     SeeInvis .   t - +1 flail (drain)
rCold    . . .     Gourm    .   (no shield)
rNeg     . . .     Faith    .   (helmet restricted)
rPois    .         Spirit   .   (no amulet)
rElec    .         Reflect  .   G - ring of flight
rCorr    .         Harm     .   (no ring)
MR       .....                  T - +3 ring of intelligence
Stlth    +++++++...             (no ring)
HPRegen  0.22/turn              (no ring)
MPRegen  0.15/turn              (no ring)
                                (no ring)
                                (no ring)

@: slowed, wreathed by umbra, very slow
A: almost no armour, stealthy swim, amphibious, 8 rings, constrict 8, camouflage
1, gelatinous body 1
a: Shadow Step, Renounce Religion, Evoke Flight


You were on level 10 of the Dungeon.
You worshipped Dithmenos.
Dithmenos was pleased with you.
You were near starving.

You visited 2 branches of the dungeon, and saw 11 of its levels.

You collected 558 gold pieces.
You spent 168 gold pieces at shops.

Inventory:

Hand Weapons
 b - a +0 blowgun
 k - a +0 dagger of venom
 l - a +3 dagger
 t - a +1 flail of draining (weapon)
Missiles
 c - 69 poisoned needles
 d - 2 curare-tipped needles
 p - 8 needles of sleeping
 v - 23 tomahawks
 M - a throwing net
 P - 111 stones (quivered)
Armour
 J - a +0 buckler
Magical Staves
 C - an uncursed staff of summoning {unknown}
 S - an uncursed staff of air {unknown}
Jewellery
 G - a ring of flight (left tentacle)
 T - a +3 ring of intelligence (on tentacle)
Wands
 g - a wand of flame (30)
 h - a wand of random effects (17)
 K - a wand of polymorph (17)
 O - a wand of digging (9)
Scrolls
 a - a scroll of noise {unknown}
 e - 3 scrolls of immolation
 i - 2 scrolls of enchant weapon {unknown}
 j - 3 scrolls of identify
 o - 3 scrolls of enchant armour
 s - 4 scrolls of teleportation {unknown}
 z - 2 scrolls of remove curse
 A - 2 scrolls of amnesia {unknown}
 I - a scroll of holy word {unknown}
 L - 2 scrolls of acquirement
 N - a scroll of random uselessness {unknown}
Potions
 n - 2 potions of agility
 q - 3 potions of degeneration {unknown}
 r - 2 potions of mutation {unknown}
 u - a potion of berserk rage
 w - 3 potions of lignification
 x - a potion of cancellation {unknown}
 B - a potion of resistance {unknown}
 F - 3 potions of flight {unknown}
 H - 2 potions of brilliance
Books
 y - a book of Minor Magic

   Spells                             Type                      Level
   a - Magic Dart                     Conjuration                  1
   b - Blink                          Translocation                2
   c - Call Imp                       Summoning                    2
   d - Slow                           Hexes                        2
   e - Conjure Flame                  Conjuration/Fire             3
   f - Mephitic Cloud                 Conjuration/Poison/Air       3
 D - a book of Cantrips

   Spells                             Type                      Level
   a - Confusing Touch                Hexes                        1
   b - Animate Skeleton               Necromancy                   1
   c - Summon Small Mammal            Summoning                    1
   d - Apportation                    Translocation                1
 E - a book of Geomancy

   Spells                             Type                      Level
   a - Sandblast                      Earth                        1
   b - Passwall                       Transmutation/Earth          2
   c - Stone Arrow                    Conjuration/Earth            3
   d - Petrify                        Transmutation/Earth          4
   e - Lee's Rapid Deconstruction     Earth                        5
Comestibles
 f - 15 rations


   Skills:
 - Level 6.0 Fighting
 - Level 4.4 Short Blades
 - Level 2.4 Maces & Flails
 + Level 9.1 Throwing
 + Level 5.9 Dodging
 - Level 9.6 Stealth
 - Level 3.2 Spellcasting
 + Level 4.8 Invocations
 + Level 8.4 Evocations


You had 16 spell levels left.
You didn't know any spells.

Dungeon Overview and Level Annotations

Branches:
Dungeon (10/15)            Temple (1/1) D:7
   Lair: D:8-11         Orc: D:9-12

Altars:
Cheibriados
Dithmenos
Elyvilon
Fedhas
Hepliaklqana
Kikubaaqudgha
Makhleb
Nemelex Xobeh
Okawaru
Ru
Sif Muna
Trog
Uskayaw
Wu Jian
Yredelemnul
Zin
The Shining One

Shops:
D:8 !


Innate Abilities, Weirdness & Mutations

You cannot wear most types of armour.
You are very stealthy in the water. (Stealth+)
You are amphibious.
You can wear up to eight rings at the same time.
You can use your tentacles to constrict eight enemies at once.
Your skin changes colour to match your surroundings (Stealth+).
Your rubbery body absorbs attacks. (AC +1, EV +1)


Message History

The wraith is severely damaged.
The wraith barely misses you. The wraith misses you.
You hit the wraith but do no damage.
The wraith is severely damaged.
The wraith hits you. The wraith drains your vigour!
You feel as though you will be slow longer.
The wraith closely misses you.
You closely miss the wraith.
The wraith is severely damaged.
The wraith misses you. The wraith barely misses you.
You hit the wraith but do no damage.
The wraith is severely damaged.
The wraith closely misses you. The wraith hits you!
* * * LOW HITPOINT WARNING * * *
The wraith drains your vigour!
You feel as though you will be slow longer.
You hit the wraith but do no damage. Your squeeze misses the wraith.
The wraith is heavily damaged.
The wraith closely misses you. The wraith hits you!
You die...

......####+###...
#....##.........
#####....##.........
#'####......<.########)..
#.............##....##...
....##..##....##.........
....##..#####'##.........
.......................... .
..((.((.W@................ #.
#######?###....##.........
.###'####.########....##....##...
............................##...
........................<...#....
..........).................#....
.###.###..####.#########..[.#....
.#######'#####'###....##....#....
............#...#...........###'#


You could see a wraith.

Vanquished Creatures
  Snorg (D:10)
  2 two-headed ogres
  Prince Ribbit (D:7)
  A hippogriff (D:9)
  5 yaks (D:9)
  2 wyverns
  Edmund (D:4)
  4 orc warriors
  3 ogres
  4 sky beasts
  2 ice beasts
  3 phantoms
  A big kobold (D:9)
  A crocodile (D:10)
  A gnoll sergeant (D:8)
  4 bullfrogs
  3 scorpions
  11 killer bees
  6 wights
  A howler monkey (D:5)
  7 crimson imps
  A jelly (D:9)
  2 bullfrog zombies
  5 orc priests
  5 hounds
  11 orc wizards
  2 bullfrog skeletons
  A centaur skeleton (D:9)
  3 iguanas
  9 worker ants
  A hound zombie (D:6)
  A howler monkey zombie (D:10)
  A worker ant zombie (D:10)
  19 gnolls
  A howler monkey skeleton (D:10)
  16 adders
  3 shadow imps
  2 oozes (D:6)
  An adder zombie (D:5)
  3 worms
  A dart slug (D:3)
  4 leopard geckos
  20 orcs
  6 bats
  4 giant cockroaches
  13 goblins
  10 hobgoblins
  23 jackals
  16 kobolds
  7 quokkas
  2 ball pythons
  5 frilled lizards
  A leopard gecko skeleton (D:5)
  8 rats
271 creatures vanquished.

Notes
Turn   | Place    | Note
-------+----------+-------------------------------------------
     0 | D:1      | KarmaPolice the Octopode Assassin began the quest for the Orb.
     0 | D:1      | Reached XP level 1. HP: 14/14 MP: 1/1
    38 | D:1      | Reached XP level 2. HP: 18/19 MP: 2/2
   349 | D:1      | Reached XP level 3. HP: 23/25 MP: 3/3
  1148 | D:2      | Reached XP level 4. HP: 30/30 MP: 4/4
  1251 | D:2      | Found a deep blue altar of Sif Muna.
  2310 | D:2      | Reached XP level 5. HP: 20/35 MP: 5/5
  3404 | D:3      | Reached XP level 6. HP: 27/41 MP: 6/6
  4081 | D:4      | Noticed Edmund
  4145 | D:4      | Killed Edmund
  4145 | D:4      | Reached XP level 7. HP: 17/45 MP: 7/7
  4465 | D:4      | Found an iron altar of Okawaru.
  4748 | D:4      | Reached skill level 1 in Maces & Flails
  5179 | D:5      | Entered Level 5 of the Dungeon
  5757 | D:4      | Reached skill level 1 in Evocations
  6000 | D:5      | Reached skill level 5 in Throwing
  6133 | D:5      | Reached XP level 8. HP: 21/51 MP: 9/9
  7355 | D:5      | Reached skill level 1 in Spellcasting
  8354 | D:7      | Reached skill level 5 in Dodging
  8366 | D:7      | Found a staircase to the Ecumenical Temple.
  8391 | D:7      | Noticed Prince Ribbit
  8409 | Temple   | Entered the Ecumenical Temple
  8417 | Temple   | Became a worshipper of Dithmenos the Shadowed
  8470 | D:7      | Killed Prince Ribbit
  8470 | D:7      | Reached skill level 1 in Invocations
  9226 | D:8      | Reached XP level 9. HP: 47/55 MP: 12/12
  9798 | D:8      | Found Ajepp's Distillery.
  9806 | D:8      | Bought a potion of curing for 36 gold pieces
  9806 | D:8      | Bought a potion of brilliance for 48 gold pieces
  9806 | D:8      | Bought a potion of lignification for 36 gold pieces
  9806 | D:8      | Bought a potion of agility for 48 gold pieces
 10709 | D:8      | Reached skill level 5 in Evocations
 11060 | D:8      | Reached * piety under Dithmenos
 11624 | D:8      | Identified 2 scrolls of acquirement
 12060 | D:9      | Noticed a two-headed ogre
 12094 | D:9      | Killed a two-headed ogre
 12094 | D:9      | Reached XP level 10. HP: 65/65 MP: 14/14
 13293 | D:9      | Reached skill level 5 in Fighting
 13670 | D:9      | Reached ** piety under Dithmenos
 15126 | D:10     | Entered Level 10 of the Dungeon
 15535 | D:10     | Noticed Snorg
 15551 | D:10     | Killed Snorg
 15551 | D:10     | Reached XP level 11. HP: 40/72 MP: 15/17
 16239 | D:10     | Noticed a two-headed ogre
 16483 | D:10     | Killed a two-headed ogre
 17174 | D:10     | Slain by a wraith

Vault maps used:
D:1:      shiori_arrival_maze
D:2:      led_sif_pool, first_ration
D:3:      minmay_diamond_boxcup
D:4:      minmay_crystal_water, okawaru_gym_becter, uniq_edmund
D:5:      kennysheep_six_static_rooms
D:7:      minmay_temple_entry_statues_pillars, uniq_prince_ribbit1
D:8:      serial_shops, shop
D:9:      serial_glass, glass_columns_a, glass_columns_b, feat_on_display,
          minmay_strange_pillars, minmay_strange_pillars
D:10:     uniq_snorg
Temple:   compressed_dpeg_triangle_lava_temple

Skill      XL: |  1  2  3  4  5  6  7  8  9 10 11 |
---------------+----------------------------------+-----
Stealth        | 6 7 9 |  9.6
Throwing       | 3 4 5 6 7 8 9 |  9.1
Short Blades   | 3 4 |  4.4
Dodging        | 2 3 4 5 |  5.9
Maces & Flails | 2 |  2.4
Evocations     | 1 4 6 8 |  8.4
Spellcasting   | 2 3 |  3.2
Invocations    | 2 4 |  4.8
Fighting       | 4 6 |  6.0

Action                   |  1- 3 |  4- 6 |  7- 9 | 10-12 || total
-------------------------+-------+-------+-------+-------++-------
Melee: Dagger            |    77 |   114 |    12 |    54 ||   257
       Constrict         |    20 |    34 |    66 |    41 ||   161
       Tentacles         |    10 |    23 |    55 |    62 ||   150
       Flail             |       |       |   293 |   233 ||   526
       Blowgun           |       |       |       |     1 ||     1
 Fire: Blowgun           |       |     8 |    48 |    33 ||    89
Throw: Stone             |       |       |    12 |    82 ||    94
       Throwing net      |       |       |     1 |       ||     1
  Use: Scroll            |       |     3 |     2 |     1 ||     6
       Potion            |       |       |     5 |     4 ||     9
 Stab: Sleeping          |    14 |    12 |    15 |     9 ||    50
       Distracted        |     1 |       |     1 |     2 ||     4
  Eat: Chunk             |       |    10 |    18 |    11 ||    39
       Ration            |       |       |     2 |     1 ||     3
Armor: Skin              |     6 |     2 |    11 |     6 ||    25
Dodge: Dodged            |    42 |    90 |   250 |   293 ||   675

Table legend:
 A = Spawn XP
 B = Non-spawn XP
 C = Spawn XP percentage of total XP
 D = Spawn monster count
 E = Non-spawn monster count
 F = Spawn count percentage of total count
 G = Total turns spent on level
                    A         B        C        D         E        F      G
               +---------+---------+-------+---------+---------+-------+---------
         Total |       0 |   11767 |   0.0 |       0 |     271 |   0.0 | 17174
               +---------+---------+-------+---------+---------+-------+---------
           D:1 |       0 |      58 |   0.0 |       0 |      34 |   0.0 |   871
           D:2 |       0 |      77 |   0.0 |       0 |      23 |   0.0 |  1557
           D:3 |       0 |     191 |   0.0 |       0 |      33 |   0.0 |  1442
           D:4 |       0 |     639 |   0.0 |       0 |      28 |   0.0 |  1969
           D:5 |       0 |     660 |   0.0 |       0 |      15 |   0.0 |  1548
           D:6 |       0 |     134 |   0.0 |       0 |       8 |   0.0 |   948
           D:7 |       0 |     575 |   0.0 |       0 |      16 |   0.0 |  1193
           D:8 |       0 |    1803 |   0.0 |       0 |      37 |   0.0 |  3227
           D:9 |       0 |    4401 |   0.0 |       0 |      46 |   0.0 |  2975
          D:10 |       0 |    3229 |   0.0 |       0 |      31 |   0.0 |  1416
               +---------+---------+-------+---------+---------+-------+---------
